 Dungeon Sprint DCSS version 0.30.1-4-g462c640d31 (webtiles) character file.

Game seed: 3149486840032997766

2938 Heoruswealwe the Severer (level 9, -1/94 HPs)
             Began as a Hill Orc Fighter on Aug 22, 2023.
             Was a Priest of the Shining One.
             Slain by a hornet (11 damage)
             ... in the Dungeon (Sprint I: "Red Sonja").
             The game lasted 00:06:02 (1008 turns).

Heoruswealwe the Severer (Hill Orc Fighter)         Turns: 1008, Time: 00:06:03

Health: -1/94      AC: 12    Str: 23    XL:     9   Next: 80%
Magic:  9/9        EV:  9    Int:  8    God:    the Shining One [***...]
Gold:   559        SH:  4    Dex: 10    Spells: 8/8 levels left

rFire   . . .        a - +0 war axe
rCold   . . .        d - +0 buckler
rNeg    + . .        c - +0 scale mail
rPois   .            (no helmet)
rElec   .            (no cloak)
rCorr   .            f - +0 pair of gloves
SInv    .            e - +0 pair of boots
Will    .....        (no amulet) Stlth
                     (no ring)
HPRegen 0.35/turn    (no ring)
MPRegen 0.11/turn

%: no teleportation
@: slowed, glowing, very slow
A: no striking features
a: Renounce Religion, Divine Shield, Cleansing Flame


You were in the Dungeon.
You worshipped the Shining One.
The Shining One was most pleased with you.
You visited 1 branch You collected 613 gold pieces.
You spent 54 gold pieces at shops.

Inventory:

Hand Weapons
 a - a +0 war axe (weapon)
Armour
 c - a +0 scale mail (worn)
 d - a +0 buckler (worn)
 e - a +0 pair of boots (worn)
 f - a +0 pair of gloves (worn)
Wands
 k - a wand of digging (7)
Scrolls
 b - a scroll of immolation {unknown}
 g - a scroll of enchant weapon {unknown}
 i - a scroll of torment {unknown}
 j - a scroll of blinking
Potions
 h - 2 potions of magic
 l - 2 potions of resistance {unknown}


   Skills:
 + Level 13.7 Fighting
 * Level 19.8 Axes
 + Level 12.6 Armour
 - Level 3.2 Shields


You had 8 spell levels left.
You didn't know any spells.
Your spell library was empty.

Dungeon Overview and Level Annotations

Branches:
Dungeon (1/1)

Altars:
Cheibriados
Dithmenos
Elyvilon
Fedhas
Gozag
Hepliaklqana
Kikubaaqudgha
Makhleb
Nemelex Xobeh
Okawaru
Qazlal
Ru
Sif Muna
Trog
Uskayaw
Vehumet
Wu Jian
Xom
Yredelemnul
Zin
The Shining One
Jiyva
Lugonu

Shops:
D ([


Message History

The hornet is moderately wounded.
You feel very sick. The hornet stings you.
You are more poisoned.
You feel as though you will be slow longer.
The hornet stings you but does no damage.
You hit the hornet but do no damage.
The hornet is moderately wounded.
You feel very sick. The hornet stings you!
You are more poisoned.
You feel as though you will be slow longer.
You hit the hornet.
The hornet is moderately wounded.
You feel extremely sick. The hornet stings you!
You are more poisoned.
You feel as though you will be slow longer.
The hornet closely misses you.
You slice the hornet!!
The hornet is almost dead.
You feel extremely sick. The hornet closely misses you.
You barely miss the hornet.
The hornet is almost dead.
You feel extremely sick. The hornet stings you!
* * * LOW HITPOINT WARNING * * *
You feel as though you will be slow longer.
The hornet stings you!
* * * LOW HITPOINT WARNING * * *
You are more poisoned.
You feel as though you will be slow longer.
You barely miss the hornet.
The hornet is almost dead.
* * * LOW HITPOINT WARNING * * *
You feel extremely sick. The hornet barely misses you.
You block the hornet's attack.
You feel better. The hornet stings you!
You die...

#####################
.)..#..'..#__#..')..#
.#..').#..'..'..#)..#
###'#####'#__####...+
##..#...#(####§§#####
_####..##.#§~§§§#$$#
____##'#_.+§~§§§@y.#
.∩...÷..._#§§~§§#$$#
..__##_.#'##+#####+#
____###+#.#..[.###
##### ####'###.##
+.....')∩# ##########


You could see a hornet.

Vanquished Creatures
  2 centaur warriors (D)
  A deep troll (D)
  2 kobold demonologists (D)
  A slime creature (D)
  Sigmund (D)
  A yak (D)
  A floating eye (D)
  An ogre (D)
  A jelly (D)
  Ijyb (D)
12 creatures vanquished.

Notes
Turn   | Place    | Note
-------+----------+-------------------------------------------
     0 | D        | Heoruswealwe the Hill Orc Fighter began the quest for the
                  | Orb.
     0 | D        | Reached XP level 1. HP: 19/19 MP: 1/1
     1 | D        | Noticed Ijyb
    23 | D        | Killed Ijyb
    24 | D        | Reached skill level 5 in Fighting
    24 | D        | Reached skill level 5 in Axes
    24 | D        | Reached XP level 2. HP: 11/29 MP: 2/2
    24 | D        | Reached XP level 3. HP: 14/36 MP: 3/3
   108 | D        | Noticed an ogre
   112 | D        | Killed an ogre
   113 | D        | Reached skill level 9 in Axes
   113 | D        | Reached XP level 4. HP: 36/45 MP: 4/4
   178 | D        | Noticed Sigmund
   186 | D        | Killed Sigmund
   187 | D        | Reached skill level 11 in Axes
   187 | D        | Reached XP level 5. HP: 39/56 MP: 5/5
   187 | D        | Reached XP level 6. HP: 43/62 MP: 6/6
   248 | D        | Found an ornate altar of the Wu Jian Council.
   248 | D        | Found a shimmering blue altar of Sif Muna.
   250 | D        | Found a radiant altar of Vehumet.
   253 | D        | Reached skill level 12 in Axes
   279 | D        | Found Koiragh's Weapon Emporium.
   279 | D        | Found an ancient bone altar of Kikubaaqudgha.
   279 | D        | Found a hazy altar of Hepliaklqana.
   279 | D        | Found a stormy altar of Qazlal.
   279 | D        | Found a hide-covered altar of Uskayaw.
   279 | D        | Found a blossoming altar of Fedhas.
   279 | D        | Found a bloodstained altar of Trog.
   279 | D        | Found an iron altar of Okawaru.
   279 | D        | Found a basalt altar of Yredelemnul.
   279 | D        | Found a glowing golden altar of the Shining One.
   279 | D        | Found a snail-covered altar of Cheibriados.
   279 | D        | Found a sacrificial altar of Ru.
   279 | D        | Found a glowing silver altar of Zin.
   279 | D        | Found a shadowy altar of Dithmenos.
   279 | D        | Found a white marble altar of Elyvilon.
   279 | D        | Noticed a yak
   287 | D        | Killed a yak
   288 | D        | Reached skill level 13 in Axes
   288 | D        | Reached XP level 7. HP: 66/70 MP: 7/7
   288 | D        | Found an opulent altar of Gozag.
   289 | D        | Found a sparkling altar of Nemelex Xobeh.
   295 | D        | Became a worshipper of the Shining One
   409 | D        | Found a burning altar of Makhleb.
   409 | D        | Found a viscous altar of Jiyva.
   409 | D        | Found a shimmering altar of Xom.
   409 | D        | Found a corrupted altar of Lugonu.
   409 | D        | Noticed a slime creature
   420 | D        | Killed a slime creature
   421 | D        | Reached skill level 10 in Fighting
   421 | D        | Reached skill level 14 in Axes
   575 | D        | Noticed a kobold demonologist
   575 | D        | Reached * piety under the Shining One
   576 | D        | Noticed a kobold demonologist
   578 | D        | Reached skill level 15 in Axes
   580 | D        | Killed a kobold demonologist
   580 | D        | Reached ** piety under the Shining One
   581 | D        | Reached skill level 10 in Armour
   581 | D        | Reached XP level 8. HP: 82/82 MP: 8/8
   582 | D        | Killed a kobold demonologist
   583 | D        | Reached skill level 16 in Axes
   595 | D        | Noticed a centaur warrior
   600 | D        | Noticed a centaur warrior
   607 | D        | Killed a centaur warrior
   608 | D        | Reached skill level 18 in Axes
   608 | D        | Reached XP level 9. HP: 30/91 MP: 9/9
   608 | D        | Killed a centaur warrior
   609 | D        | Reached skill level 19 in Axes
   813 | D        | Noticed a deep troll
   825 | D        | Killed a deep troll
   837 | D        | Found Nuneni's Armour Emporium.
   843 | D        | Bought a +0 pair of boots for 54 gold pieces
   997 | D        | Noticed a hornet
   997 | D        | Reached *** piety under the Shining One
  1000 | D        | Paralysed by a hornet for 1 turns
  1007 | D        | HP: 4/94 [poisoned by a hornet]
  1008 | D        | Slain by a hornet

Illustrated notes

Levels and vault maps discovered:
D:        dungeon_sprint_1 [red_sonja_temple_1, red_sonja_temple_small_1]

Skill      XL: |  1  2  3  4  5  6  7  8  9 |
---------------+----------------------------+-----
Fighting       | 5 6 8 9 11 12 13 | 13.7
Axes           | 5 9 11 13 15 18 19 | 19.8
Armour         | 4 6 7 8 10 11 12 | 12.6
Shields        | |  3.2

Action                     |  1- 3 |  4- 6 |  7- 9 || total
---------------------------+-------+-------+-------++-------
  Melee: War axe           |    24 |    16 |    42 ||    82
  Evoke: Wand              |     1 |       |       ||     1
    Use: Potion            |     1 |       |     4 ||     5
 Armour: Scale mail        |     8 |       |    12 ||    20
  Dodge: Dodged            |     7 |     5 |    14 ||    26
  Block: Buckler           |     5 |     1 |    11 ||    17
